 Dungeon Crawl Stone Soup version 0.25-a0-523-g9afb2ee040 (webtiles) character file.

Game seed: 9799620519616083716, levelgen mode: classic

10721 EnegeticOcto the Cleaver (level 11, -7/104 HPs)
             Began as a Deep Dwarf Fighter on Feb 18, 2020.
             Was a Priest of Uskayaw.
             Mangled by a 12-headed hydra (9 damage)
             ... on level 11 of the Dungeon.
             The game lasted 00:05:41 (6255 turns).

EnegeticOcto the Cleaver (Deep Dwarf Fighter)       Turns: 6255, Time: 00:05:41

Health: -7/104     AC:  5    Str: 27      XL:     11   Next: 39%
Magic:  9/9        EV:  9    Int:  9      God:    Uskayaw [***...]
Gold:   445        SH: 11    Dex:  7 (9)  Spells: 10/10 levels left

rFire    . . .     SeeInvis .   h - +3 hand axe of the Brain {vamp, rN+++ Str+4 Dex-3} (curse)
rCold    + . .     Gourm    .   c - +0 kite shield
rNeg     + + +     Faith    .   r - +0 chain mail
rPois    .         Spirit   .   (no helmet)
rElec    .         Reflect  .   (no cloak)
rCorr    .         Harm     .   (no gloves)
MR       +....                  w - +1 pair of boots
Stlth    ..........             (no amulet)
HPRegen  0.00/turn              g - ring of protection from cold (curse)
MPRegen  0.11/turn              (no ring)

@: corroded, non-regenerating
A: damage resistance, heal wounds, sense surroundings 2, no regeneration
a: Heal Wounds, Stomp, Line Pass, Renounce Religion


You were on level 11 of the Dungeon.
You worshipped Uskayaw.
Uskayaw was noncommittal.
You were not hungry.

You visited 2 branches of the dungeon, and saw 12 of its levels.

You collected 445 gold pieces.

Inventory:

Hand Weapons
 h - the cursed +3 hand axe of the Brain (weapon) {vamp, rN+++ Str+4 Dex-3}
   (You found it on level 7 of the Dungeon)

   It inflicts no extra harm, but heals its wielder when it wounds a living foe.
   It affects your strength (+4).
   It affects your dexterity (-3).
   It renders you almost immune to negative energy.
   It has a curse placed upon it.
 x - a +1 hand axe of draining
Missiles
 a - 4 throwing nets (quivered)
Armour
 c - a +0 kite shield (worn)
 r - a +0 chain mail (worn)
 w - a +1 pair of boots (worn)
Jewellery
 g - a cursed ring of protection from cold (left hand)
Wands
 d - a wand of polymorph (9)
 o - a wand of enslavement (5)
 u - a wand of flame (9)
Scrolls
 f - 2 scrolls of magic mapping {@r5}
 i - 2 scrolls of remove curse {@r6}
 l - 5 scrolls of teleportation {@r2}
 p - 3 scrolls of fear
 y - 4 scrolls of identify {@r1}
Potions
 j - 5 potions of stabbing {@q5}
 k - 2 potions of might {@q3}
 m - a potion of flight
 n - 3 potions of haste {@q4}
 q - 2 potions of lignification {@q7}
 s - 3 potions of curing {@q1}
 v - a potion of brilliance
Comestibles
 e - 14 rations


   Skills:
 * Level 8.9 Fighting
 * Level 10.2 Axes
 + Level 7.9 Armour
 + Level 7.1 Dodging
 + Level 7.8 Shields
 * Level 7.5 Invocations


You had 10 spell levels left.
You didn't know any spells.
Your spell library was empty.

Dungeon Overview and Level Annotations

Branches:
Dungeon (11/15)            Temple (1/1) D:5            Lair (0/6) D:9
    Orc (0/2) D:11

Altars:
Ashenzari
Cheibriados
Dithmenos
Elyvilon
Fedhas
Hepliaklqana
Kikubaaqudgha
Nemelex Xobeh
Okawaru
Qazlal
Ru
Sif Muna
Trog
Uskayaw
Vehumet
Wu Jian
Xom
Yredelemnul
Zin
The Shining One

Shops:
D:7 (   D:10 [

Portals:
Trove: D:10 (give +6 demon whip)

Annotations:
D:3 1 runed translucent door


Innate Abilities, Weirdness & Mutations

You are resistant to damage.
You can heal yourself by infusing magical energy.
You passively map the area around you.
You do not regenerate.


Message History

The eight-headed hydra grows two more!
You hit the ten-headed hydra.
You feel better.
The kobold demonologist gestures wildly while chanting.
You block the red devil's attack. The ten-headed hydra bites you. x2
The ten-headed hydra bites you but does no damage.
The ten-headed hydra bites you. The ten-headed hydra barely misses you.
The ten-headed hydra closely misses you. x2
You block the ten-headed hydra's attack.
The ten-headed hydra bites you.
The ten-headed hydra bites you but does no damage.
You hit the red devil.
The red devil is heavily wounded.
You hit the kobold demonologist.
Your shield and chain mail prevent you from hitting the ten-headed hydra.
You barely miss the rust devil.
The kobold demonologist mumbles some strange words.
The kobold demonologist gestures wildly while chanting.
You block the red devil's attack.
The ten-headed hydra bites you but does no damage.
The ten-headed hydra completely misses you.
The ten-headed hydra bites you.
The ten-headed hydra closely misses you.
The ten-headed hydra bites you. x2
The ten-headed hydra closely misses you.
The ten-headed hydra bites you but does no damage. x2
You block the ten-headed hydra's attack.
You are too injured to fight recklessly!
You are too injured to fight recklessly!
You are too injured to fight recklessly!
You are too injured to fight recklessly!
You are too injured to fight recklessly!
You are too injured to fight recklessly!
You are too injured to fight recklessly!
You are too injured to fight recklessly!
You hit the kobold demonologist.
You feel better.
The kobold demonologist is heavily wounded.
You hack one of the ten-headed hydra's heads off!
The nine-headed hydra grows two more!
You slash the 11-headed hydra!
You hit the rust devil but do no damage.
You closely miss the shadow imp. You slash the red devil!
The rust devil hits you! The rust devil corrodes you!
You block the kobold demonologist's attack.
Uskayaw will force your foes to helplessly watch your dance.
Uskayaw prepares the audience for your solo!
The helpless kobold demonologist fails to defend itself.
You hit the kobold demonologist.
The kobold demonologist is heavily wounded.
The helpless red devil fails to defend itself.
You hit the red devil but do no damage.
The helpless shadow imp fails to defend itself.
You hit the shadow imp.
The helpless rust devil fails to defend itself.
You hit the rust devil but do no damage.
The helpless 11-headed hydra fails to defend itself.
You lop one of the 11-headed hydra's heads off!
The ten-headed hydra grows two more!
You slash the 12-headed hydra!
You feel better.
The rust devil is no longer paralysed.
The rust devil hits you. The rust devil corrodes you!
The helpless 12-headed hydra fails to defend itself.
You hit the 12-headed hydra.
The 12-headed hydra is lightly wounded.
You closely miss the rust devil.
The helpless shadow imp fails to defend itself.
You hit the shadow imp but do no damage.
The helpless red devil fails to defend itself.
You hit the red devil.
You kill the red devil!
The helpless kobold demonologist fails to defend itself.
You slash the kobold demonologist!
The 12-headed hydra is no longer paralysed.
The shadow imp is no longer paralysed.
The shadow imp shouts, "Despond, thou lumpish limp-willed lout!"
The shadow imp gestures at you.
You easily resist.
You block the rust devil's attack. The 12-headed hydra barely misses you.
The 12-headed hydra bites you.
The 12-headed hydra barely misses you. x2; The 12-headed hydra bites you!
* * * LOW HITPOINT WARNING * * *
The 12-headed hydra bites you. The 12-headed hydra bites you!
* * * LOW HITPOINT WARNING * * *
You block the 12-headed hydra's attack. The 12-headed hydra bites you!
* * * LOW HITPOINT WARNING * * *
You block the 12-headed hydra's attack. The 12-headed hydra bites you.
* * * LOW HITPOINT WARNING * * *
The 12-headed hydra bites you!
* * * LOW HITPOINT WARNING * * *
The helpless kobold demonologist fails to defend itself.
You slash the kobold demonologist!
You kill the kobold demonologist!
The rust devil disappears in a puff of smoke!
The shadow imp disappears in a puff of smoke!
You barely miss the 12-headed hydra.
The hornet zombie is no longer paralysed.
The kobold is no longer paralysed. x2
The kobold demonologist is no longer paralysed.
The ufetubus is no longer paralysed.
The shadow imp is no longer paralysed.
The kobold throws a stone.
You block the stone. The 12-headed hydra bites you.
* * * LOW HITPOINT WARNING * * *
The 12-headed hydra misses you. You block the 12-headed hydra's attack.
The 12-headed hydra bites you!
You die...

#.....# ######+.#. ,
###'### .....,, #..#
####.....# , #####'##
#........#, , #..^...#
#.....#.## * ,
#......#######....#...#,,
,, #......'.....>........
, ,,
#......#######§.§.#.. ,
*#......# #.@### ,
+......# ##KD5# , , ,
#......# #.KK5.. , ,,
#......# ##Z#####* , , ,
####+### 5# * * .# * .#
+# * * , * * ,,


You could see a 12-headed hydra, a kobold demonologist, a quasit (paralysed), a
shadow imp, an ufetubus, a hornet zombie and 2 kobolds.

Vanquished Creatures
  Harold (D:8)
  A two-headed ogre (D:10)
  An unseen horror (D:10)
  Maurice (D:8)
  A kobold demonologist (D:11)
  Prince Ribbit (D:8)
  3 meliai (D:9)
  Grinder (D:4)
  2 hippogriffs (D:7)
  A spriggan (D:7)
  Eustachio (D:6)
  The ghost of Error4North the Covered, an amateur HOFi of Okawaru (D:3)
  A wyvern (D:9)
  5 yaks (D:10)
  3 hungry ghosts
  Edmund (D:6)
  4 water moccasins
  Duvessa (D:6)
  An ice beast (D:10)
  An orc warrior (D:10)
  A black bear (D:7)
  2 sky beasts (D:7)
  7 ogres
  2 phantoms
  4 centaurs
  A big kobold (D:10)
  8 bullfrogs
  A wyvern zombie (D:6)
  Dowan (D:6)
  8 scorpions
  3 killer bees (D:10)
  4 howler monkeys (D:8)
  3 crimson imps
  A quasit (D:9)
  2 centaur zombies
  2 hounds (D:10)
  2 jellies
  7 orc wizards
  7 orc priests
  2 bullfrog skeletons
  5 iguanas
  9 worker ants
  A hound zombie (D:10)
  3 hound skeletons
  7 gnolls
  A howler monkey skeleton (D:10)
  9 adders
  3 shadow imps
  2 adder zombies (D:8)
  3 adder skeletons
  A worm (D:2)
  4 leopard geckos
  29 orcs
  A ball python (D:3)
  4 giant cockroaches
  4 hobgoblins
  10 jackals
  6 kobolds
  4 quokkas
  3 bats
  4 frilled lizards
  5 goblins
  A quokka skeleton (D:5)
  2 rats (D:3)
221 creatures vanquished.

Vanquished Creatures (others)
  An orc (D:5)
1 creature vanquished.

Grand Total: 222 creatures vanquished

Notes
Turn   | Place    | Note
-------+----------+-------------------------------------------
     0 | D:1      | EnegeticOcto the Deep Dwarf Fighter began the quest for the
                  | Orb.
     0 | D:1      | Reached XP level 1. HP: 20/20 MP: 1/1
    55 | D:1      | Found a shattered altar of Ashenzari.
   102 | D:2      | Reached XP level 2. HP: 27/27 MP: 2/2
   125 | D:2      | Reached XP level 3. HP: 30/34 MP: 3/3
   129 | D:2      | Found a radiant altar of Vehumet.
   192 | D:2      | Reached skill level 3 in Axes
   192 | D:2      | Reached skill level 1 in Dodging
   316 | D:3      | Found a stormy altar of Qazlal.
   341 | D:3      | Found a runed translucent door.
   344 | D:3      | Noticed Error4North's ghost (amateur HOFi)
   345 | D:3      | Noticed a bullfrog
   361 | D:3      | Found a runed translucent door.
   452 | D:3      | Killed a bullfrog
   452 | D:3      | Reached XP level 4. HP: 25/42 MP: 4/4
   456 | D:3      | Reached XP level 5. HP: 21/49 MP: 5/5
   485 | D:3      | Killed Error4North's ghost
   485 | D:3      | Reached skill level 4 in Axes
   485 | D:3      | Reached XP level 6. HP: 30/57 MP: 4/4
   970 | D:4      | Reached XP level 7. HP: 61/66 MP: 2/2
  1099 | D:4      | Noticed Grinder
  1124 | D:4      | Paralysed by Grinder for 4 turns
  1128 | D:4      | Killed Grinder
  1128 | D:4      | Reached skill level 5 in Axes
  1372 | D:5      | Entered Level 5 of the Dungeon
  1400 | D:5      | Reached skill level 5 in Fighting
  1425 | D:5      | Found an iron altar of Okawaru.
  1425 | D:5      | Found a glowing silver altar of Zin.
  1528 | D:5      | Found a staircase to the Ecumenical Temple.
  1602 | D:5      | Reached skill level 5 in Shields
  1666 | Temple   | Entered the Ecumenical Temple
  1788 | D:5      | Found a shimmering altar of Xom.
  1791 | D:5      | Found a sparkling altar of Nemelex Xobeh.
  2033 | D:5      | Reached skill level 5 in Armour
  2035 | D:5      | Reached XP level 8. HP: 54/74 MP: 3/3
  2176 | D:6      | Reached skill level 6 in Axes
  2325 | D:6      | Noticed Duvessa
  2326 | D:6      | Noticed Dowan
  2337 | D:6      | Killed Duvessa
  2345 | D:6      | Killed Dowan
  2391 | D:6      | Reached skill level 7 in Axes
  2419 | D:6      | Noticed Eustachio
  2432 | D:6      | Killed Eustachio
  2432 | D:6      | Gained mutation: You passively map the area around you.
                  | [Deep Dwarf growth]
  2432 | D:6      | Reached XP level 9. HP: 67/85 MP: 3/3
  2452 | D:6      | Noticed Edmund
  2467 | D:6      | Killed Edmund
  2849 | D:7      | Reached skill level 5 in Dodging
  2852 | D:7      | Found Riock's Weapon Boutique.
  2983 | D:7      | Got a shimmering hand axe
  2984 | D:7      | Identified the cursed +3 hand axe of the Brain {vamp, rN+++
                  | Str+4 Dex-3} (You found it on level 7 of the Dungeon)
  3101 | Temple   | Became a worshipper of Uskayaw the Reveler
  3223 | D:7      | Reached * piety under Uskayaw
  3240 | D:7      | Reached ** piety under Uskayaw
  3241 | D:7      | Reached skill level 8 in Axes
  3256 | D:7      | Reached skill level 1 in Invocations
  3267 | D:7      | Reached *** piety under Uskayaw
  3299 | D:7      | Found a snail-covered altar of Cheibriados.
  3306 | D:7      | Found an ancient bone altar of Kikubaaqudgha.
  3306 | D:7      | Found a shimmering altar of Xom.
  3309 | D:7      | Found a hide-covered altar of Uskayaw.
  3309 | D:7      | Found a blossoming altar of Fedhas.
  3309 | D:7      | Found an ornate altar of the Wu Jian Council.
  3997 | D:8      | Reached XP level 10. HP: 94/94 MP: 5/5
  3997 | D:8      | Reached **** piety under Uskayaw
  4081 | D:8      | Noticed Maurice
  4082 | D:8      | Reached ***** piety under Uskayaw
  4211 | D:8      | Killed Maurice
  4463 | D:8      | Noticed Harold
  4484 | D:8      | Killed Harold
  4484 | D:8      | Reached skill level 9 in Axes
  4484 | D:8      | Reached skill level 5 in Invocations
  4839 | D:8      | Noticed Prince Ribbit
  4856 | D:8      | Killed Prince Ribbit
  5027 | D:9      | Found a staircase to the Lair.
  5073 | D:9      | Found a shadowy altar of Dithmenos.
  5447 | D:10     | Entered Level 10 of the Dungeon
  5539 | D:10     | Found Plog's Armour Shoppe.
  5639 | D:10     | Found a portal to a secret trove of treasure.
  5716 | D:10     | Noticed a two-headed ogre
  5726 | D:10     | Reached XP level 11. HP: 104/104 MP: 8/8
  5733 | D:10     | Killed a two-headed ogre
  5769 | D:10     | Reached skill level 10 in Axes
  5921 | D:10     | Killed an unseen horror
  6230 | D:11     | Noticed a six-headed hydra
  6254 | D:11     | HP: 3/104 [12-headed hydra (8)]
  6255 | D:11     | Mangled by a 12-headed hydra

Levels and vault maps discovered:
D:1:      shiori_arrival_elements, layout_loops_corners, minivault_5,
          kennysheep_flooded_box, serial_bayou_pond_e, minmay_worlds_worst_comb
D:2:      layout_basic, marbit_many_paths, nicolae_overflow_crystal_walls,
          makhleb_grotto_becter, first_ration
D:3:      layout_rooms, ebering_ghost_sewer_f, grunt_qazlal_sundering
D:4:      layout_rooms, minmay_fractal_squares_diagonal_5, uniq_grinder
D:5:      layout_basic, grunt_temple_overflow_cloverleaf,
          minmay_temple_entry_proselytizer
D:6:      layout_loops_ring, uniq_edmund, uniq_duvessa, uniq_eustachio
D:7:      layout_cave_pools, serial_shops, shop_fountains, the_bakery,
          doesnt_xom_only_xom
D:8:      layout_loops_corners, uniq_prince_ribbit1, uniq_maurice, uniq_harold
D:9:      layout_basic, nicolae_dithmenos_shadow_blocks, lair_entry_dummy
D:10:     layout_loops_ring, nicolae_trove_entry_diagonal, serial_shops,
          nicolae_shop_waterfront, dk_noncrumbling_4
D:11:     layout_roguey, orc_0_dummy, hangedman_decor_lopped,
          minmay_stone_trees_small, grunt_ministairs_3, minmay_shop_chei
Temple:   jpeg_temple_clearing

Skill      XL: |  1  2  3  4  5  6  7  8  9 10 11 |
---------------+----------------------------------+-----
Fighting       | 3 4 5 6 7 8 |  8.9
Axes           | 3 4 5 7 8 9 10 | 10.2
Dodging        | 1 2 3 4 5 6 7 |  7.1
Armour         | 4 5 6 7 |  7.9
Shields        | 4 5 6 7 |  7.8
Invocations    | 3 6 7 |  7.5

Action                   |  1- 3 |  4- 6 |  7- 9 | 10-12 || total
-------------------------+-------+-------+-------+-------++-------
Melee: War axe           |   114 |    86 |    44 |       ||   244
       Hand axe          |       |       |   471 |   444 ||   915
Invok: Stomp             |       |       |       |     1 ||     1
 Abil: Heal Wounds       |     2 |    11 |     9 |     5 ||    27
  Use: Scroll            |       |       |    12 |     5 ||    17
 Stab: Paralysed         |       |       |     7 |    42 ||    49
  Eat: Chunk             |       |     1 |    16 |    13 ||    30
       Ration            |       |       |     2 |       ||     2
Armor: Scale mail        |    47 |    27 |     3 |       ||    77
       Chain mail        |       |       |   218 |   176 ||   394
Dodge: Dodged            |    50 |    41 |   125 |   159 ||   375
Block: Kite shield       |    72 |    42 |   255 |   227 ||   596

Table legend:
 A = Non-vault XP
 B = Vault XP
 C = Vault XP percentage of total XP
 D = Non-vault monster count
 E = Vault monster count
 F = Vault count percentage of total count
                 A         B        C        D         E       F
            +---------+---------+-------+---------+---------+-------
      Total |   12181 |    3135 |  20.5 |     204 |      17 |   7.7
            +---------+---------+-------+---------+---------+-------
        D:1 |       4 |       0 |   0.0 |       3 |       0 |   0.0
        D:2 |      84 |       0 |   0.0 |      18 |       0 |   0.0
        D:3 |      33 |     313 |  90.5 |      12 |       5 |  29.4
        D:4 |     447 |     272 |  37.8 |      15 |       3 |  16.7
        D:5 |     371 |      40 |   9.7 |      13 |       1 |   7.1
        D:6 |    1047 |     575 |  35.5 |      16 |       4 |  20.0
        D:7 |    1804 |     215 |  10.6 |      24 |       1 |   4.0
        D:8 |    1501 |    1720 |  53.4 |      38 |       3 |   7.3
        D:9 |    1622 |       0 |   0.0 |      22 |       0 |   0.0
       D:10 |    4904 |       0 |   0.0 |      42 |       0 |   0.0
       D:11 |     364 |       0 |   0.0 |       1 |       0 |   0.0
            +---------+---------+-------+---------+---------+-------
